 Dungeon Crawl Stone Soup version 0.21.0-3-g78d12a8 (webtiles) character file.

2239 vatarom the Cleaver (level 9, -1/79 HPs)
             Began as a Hill Orc Fighter on Jan 16, 2018.
             Slain by a killer bee (7 damage)
             ... on level 7 of the Dungeon.
             The game lasted 00:09:14 (5589 turns).

vatarom the Cleaver (Hill Orc Fighter)              Turns: 5589, Time: 00:09:15

Health: -1/79      AC: 13    Str: 23    XL:     9   Next: 36%
Magic:  9/9        EV:  8    Int:  8    God:
Gold:   612        SH: 11    Dex: 13    Spells: 8/8 levels left

rFire    . . .     SeeInvis .   a - +1 war axe
rCold    . . .     Gourm    .   c - +0 shield
rNeg     . . .     Faith    .   b - +1 scale mail
rPois    .         Spirit   .   (helmet restricted)
rElec    .         Reflect  .   g - +0 cloak
rCorr    .         Harm     .   (no gloves)
MR       .....                  t - +2 pair of boots {run}
Stlth    ..........             (no amulet)
HPRegen  0.23/turn              u - +4 ring of strength
MPRegen  0.11/turn              (no ring)

@: lethally poisoned (-1 -> -3), flying, quick
A: hooves 1, horns 1, evolution 1
a: no special abilities


You were on level 7 of the Dungeon.
You were not hungry.

You visited 2 branches of the dungeon, and saw 8 of its levels.
You also visited: Ossuary.

You collected 612 gold pieces.

Inventory:

Hand Weapons
 a - a +1 war axe (weapon)
Missiles
 i - 12 javelins (quivered)
Armour
 b - a +1 scale mail (worn)
 c - a +0 shield (worn)
 g - a +0 cloak (worn)
 t - a +2 pair of boots of running (worn)
Jewellery
 u - a +4 ring of strength (left hand)
 y - an uncursed ring of protection from cold
Wands
 e - a wand of iceblast (3)
Scrolls
 d - a scroll of magic mapping
 l - 2 scrolls of enchant weapon
 o - 4 scrolls of fog
 p - 2 scrolls of remove curse
 w - a scroll of teleportation
 A - a scroll of blinking
 D - a scroll of amnesia
 E - a scroll of fear
Potions
 h - 2 potions of cancellation {unknown}
 j - 2 potions of mutation
 k - 6 potions of haste
 m - a potion of magic
 n - 2 potions of curing
 q - a potion of brilliance
 r - a potion of heal wounds
 x - a potion of resistance {unknown}
 z - a potion of flight
 B - 3 potions of lignification {unknown}
 C - 2 potions of might
Books
 s - a book of Geomancy

   Spells                             Type                      Level
   a - Sandblast                      Earth                        1
   b - Passwall                       Transmutation/Earth          2
   c - Stone Arrow                    Conjuration/Earth            3
   d - Petrify                        Transmutation/Earth          4
   e - Lee's Rapid Deconstruction     Earth                        5
Comestibles
 f - 10 rations


   Skills:
 + Level 7.0 Fighting
 * Level 9.7 Axes
 + Level 4.0 Throwing
 + Level 6.4 Armour
 + Level 6.4 Shields


You had 8 spell levels left.
You didn't know any spells.

Dungeon Overview and Level Annotations

Branches:
Dungeon (7/15)             Temple (1/1) D:4

Altars:
Ashenzari
Cheibriados
Elyvilon
Fedhas
Hepliaklqana
Kikubaaqudgha
Nemelex Xobeh
Okawaru
Qazlal
Ru
Trog
Uskayaw
Vehumet
Wu Jian
Yredelemnul
Zin
The Shining One

Shops:
D:6 }


Innate Abilities, Weirdness & Mutations

You have large cloven feet.
You have a pair of small horns on your head.
You evolve.


Message History

You feel sick. The killer bee stings you!
* * * LOW HITPOINT WARNING * * *
The killer bee stings you.
* * * LOW HITPOINT WARNING * * *
You hit the killer bee but do no damage.
The killer bee is heavily wounded.
The killer bee barely misses you. x2
Unknown command.
You miss the killer bee.
The killer bee is heavily wounded.
You feel sick. The killer bee stings you.
* * * LOW HITPOINT WARNING * * *
You block the killer bee's attack.
Unknown command.
You closely miss the killer bee.
The killer bee is heavily wounded.
You feel sick. The killer bee stings you.
* * * LOW HITPOINT WARNING * * *
The killer bee stings you!
You die...

#...# #...# #...# #....
.. ..# ##...####.###.#
#.......# ....#
#...y)..# #.#.# ## #
#.$.@..=# #.#.##.##..
####.......#.#.........
.........###.#.#.#..##.#
...###...# #.#.<.†......
.. #.#...###.#..÷#..##.#
.###.###................
#.....'..##.##..#..##.#
###.###.###.##..#.....#
#.#...............##


You could see a killer bee.

Vanquished Creatures
  Prince Ribbit (D:6)
  2 sky beasts
  5 ogres
  4 centaurs
  2 bullfrogs
  A scorpion (D:6)
  A howler monkey (D:5)
  2 killer bees (D:7)
  A centaur zombie (D:5)
  A hound (D:5)
  2 orc wizards (D:6)
  2 iguanas
  Ijyb (D:4)
  5 worker ants
  Natasha (thrice) (D:3)
  A big kobold zombie (Ossuary)
  A hound zombie (D:6)
  8 mummies (Ossuary)
  10 gnolls
  5 adders
  A shadow imp (D:5)
  An adder skeleton (D:5)
  4 worms
  4 dart slugs
  5 leopard geckos
  8 orcs
  3 ball pythons
  11 bats
  7 giant cockroaches
  7 goblins
  11 hobgoblins
  7 jackals
  8 kobolds
  3 quokkas
  9 frilled lizards
  A gnoll zombie (Ossuary)
  2 hobgoblin zombies (Ossuary)
  2 kobold zombies (Ossuary)
  2 orc zombies (Ossuary)
  5 rats
159 creatures vanquished.

Notes
Turn   | Place    | Note
-------+----------+-------------------------------------------
     0 | D:1      | vatarom the Hill Orc Fighter began the quest for the Orb.
     0 | D:1      | Reached XP level 1. HP: 19/19 MP: 1/1
    99 | D:1      | Reached skill level 3 in Axes
   172 | D:1      | Reached XP level 2. HP: 19/27 MP: 2/2
   401 | D:1      | Reached XP level 3. HP: 33/33 MP: 3/3
   779 | D:2      | Reached skill level 4 in Axes
   803 | D:2      | Reached XP level 4. HP: 37/40 MP: 4/4
  1446 | D:3      | Noticed an ogre
  1458 | D:3      | Killed an ogre
  1458 | D:3      | Reached skill level 5 in Axes
  1458 | D:3      | Reached skill level 1 in Throwing
  1458 | D:3      | Reached XP level 5. HP: 29/47 MP: 5/5
  1640 | D:3      | Noticed Natasha
  1647 | D:3      | Killed Natasha
  1668 | D:3      | Gained mutation: You evolve. [potion of mutation]
  1668 | D:3      | Gained mutation: You have a pair of small horns on your head. [potion of mutation]
  1678 | D:3      | Reached XP level 6. HP: 41/53 MP: 6/6
  1816 | D:3      | Noticed Natasha
  1823 | D:3      | Killed Natasha
  1980 | D:3      | Noticed Natasha
  1982 | D:3      | Killed Natasha
  2182 | D:4      | Reached skill level 5 in Fighting
  2182 | D:4      | Reached skill level 6 in Axes
  2182 | D:4      | Reached XP level 7. HP: 61/61 MP: 7/7
  2567 | D:4      | Found a staircase to the Ecumenical Temple.
  2574 | Temple   | Entered the Ecumenical Temple
  2668 | D:4      | Noticed Ijyb
  2683 | D:4      | Killed Ijyb
  2771 | D:4      | Found a hide-covered altar of Uskayaw.
  3012 | D:5      | Entered Level 5 of the Dungeon
  3017 | D:5      | Found a hazy altar of Hepliaklqana.
  3151 | D:5      | Reached skill level 7 in Axes
  3151 | D:5      | Reached skill level 5 in Armour
  3233 | D:5      | Reached skill level 5 in Shields
  3276 | D:5      | Reached XP level 8. HP: 27/69 MP: 8/8
  4083 | D:6      | Reached skill level 8 in Axes
  4183 | D:6      | Gained mutation: You have large cloven feet. [evolution]
  4196 | D:6      | Found Koff's Gadget Boutique.
  4219 | D:6      | Identified a +1 pair of boots of running (You found it on level 6 of the Dungeon)
  4312 | D:6      | Noticed Prince Ribbit
  4701 | D:6      | Killed Prince Ribbit
  4701 | D:6      | Reached skill level 9 in Axes
  4701 | D:6      | Reached XP level 9. HP: 61/78 MP: 9/9
  4932 | D:6      | Found a radiant altar of Vehumet.
  4933 | D:6      | Found a sparkling altar of Nemelex Xobeh.
  5105 | D:7      | Found a sand-covered staircase.
  5115 | Ossuary  | Entered an ossuary
  5589 | D:7      | Slain by a killer bee

Skill      XL: |  1  2  3  4  5  6  7  8  9 |
---------------+----------------------------+-----
Axes           | 3 4 5 6 7 9 |  9.7
Fighting       | 4 5 6 7 |  7.0
Throwing       | 1 2 3 4 |  4.0
Armour         | 4 5 6 |  6.4
Shields        | 4 5 6 |  6.4

Action                   |  1- 3 |  4- 6 |  7- 9 || total
-------------------------+-------+-------+-------++-------
Melee: War axe           |    88 |   112 |   266 ||   466
       Headbutt          |       |     5 |    41 ||    46
       Kick              |       |       |     3 ||     3
Throw: Javelin           |     1 |       |     1 ||     2
Evoke: Wand              |       |       |     4 ||     4
  Use: Scroll            |     6 |     2 |     9 ||    17
       Potion            |       |     5 |     3 ||     8
  Eat: Chunk             |       |     4 |     5 ||     9
       Ration            |       |       |     2 ||     2
Armor: Scale mail        |    48 |    46 |   113 ||   207
Dodge: Dodged            |    32 |    33 |    82 ||   147
Block: Shield            |    50 |    51 |   109 ||   210
